 Dungeon Crawl Stone Soup version 0.30-a0-949-g53dc5368d7 (webtiles) character file.

Game seed: 15742906930050468620

38644 ytrimaz the Severer (level 14, -9/95 HPs)
             Began as a Formicid Fighter on Mar 27, 2023.
             Was the Champion of Okawaru.
             Mangled by an ettin
             ... wielding a +0 dire flail
              (31 damage)
             ... on level 14 of the Dungeon.
             The game lasted 00:25:39 (17905 turns).

ytrimaz the Severer (Formicid Fighter)             Turns: 17905, Time: 00:25:40

Health: -9/95      AC: 28    Str: 27    XL:     14   Next: 35%
Magic:  0/15       EV:  8    Int: 11    God:    Okawaru [******]
Gold:   1007       SH: 10    Dex: 27    Spells: 13/13 levels left

rFire   . . .      SeeInvis +    L - +7 war axe of Bodily Harmony {speed, Int+4 Dex+9 SInv Stlth-}
rCold   . . .      Faith    .    c - +0 buckler
rNeg    . . .      Spirit   +    P - +5 plate armour of Zukhlior {Regen+ rCorr Dex-2}
rPois   +          Reflect  .    (helmet unavailable)
rElec   +          Rampage  .    U - +0 cloak of Edaecael {Contam rElec Will- Dex+7}
rCorr   +                        C - +0 pair of gloves
Will    .....                    y - +2 pair of boots Stlth
                                 u - amulet of guardian spirit
HPRegen 1.15/turn                w - ring of poison resistance
MPRegen 0.14/turn                G - +4 ring of slaying

@: no status effects
A: permanent stasis, dig shafts and tunnels, antennae 3, four strong arms
a: Dig, Shaft Self, Renounce Religion, Heroism, Finesse, Duel


You were on level 14 of the Dungeon.
You worshipped Okawaru.
Okawaru was exalted by your worship.
You visited 3 branches of the dungeon, and saw 17 of its levels.
You also visited: Bailey.

You collected 2544 gold pieces.
You spent 1537 gold pieces at shops.


Innate Abilities, Weirdness & Mutations

You cannot be hasted, slowed, berserked, paralysed or teleported.
You can dig through walls and to a lower floor.
You have a pair of large antennae on your head. (SInv)
Your four strong arms can wield two-handed weapons with a shield.


   Skills:
 + Level 4.1 Fighting
 - Level 16.0 Axes
 - Level 15.0 Armour
 - Level 15.0 Shields
 + Level 2.4 Invocations


You had 13 spell levels left.
You didn't know any spells.
Your spell library contained the following spells:

 Spells                   Type           Power      Damage    Failure   Level
 Sting                    Tmut/Pois      0%         1d3       94%         1
 Cigotuvi's Dreadful Rot  Necr/Pois/Air  0%         N/A       98%         2
 Lesser Beckoning         Tloc           0%         N/A       98%         2
 Momentum Strike          Conj/Tloc      0%         3d8       98%         2
 Poisonous Vapours        Pois/Air       0%         N/A       98%         2
 Dazzling Flash           Conj/Hex       0%         N/A       100%        3
 Inner Flame              Hex/Fire       0%         N/A       100%        3
 Mephitic Cloud           Conj/Pois/Air  0%         N/A       100%        3
 Portal Projectile        Hex/Tloc       0%         N/A       100%        3
 Stone Arrow              Conj/Erth      0%         3d7       100%        3
 Cause Fear               Hex            0%         N/A       100%        4
 Flame Wave               Conj/Fire      0%         2d4       100%        4
 Iskenderun's Mystic Bla  Conj/Tloc      0%         2d3       100%        4
 Leda's Liquefaction      Hex/Erth       0%         N/A       100%        4
 Olgreb's Toxic Radiance  Pois           0%         N/A       100%        4
 Sticky Flame             Conj/Fire      0%         2d3       100%        4
 Blade Hands              Tmut           0%         N/A       100%        5
 Lee's Rapid Deconstruct  Erth           0%         3d4*      100%        5
 Starburst                Conj/Fire      0%         6d3       100%        6
 Statue Form              Tmut/Erth      0%         N/A       100%        6
 Dragon Form              Tmut           0%         N/A       100%        7
 Lehudib's Crystal Spear  Conj/Erth      0%         10d2      100%        8
 Chain Lightning          Conj/Air       0%         N/A       100%        9
 Fire Storm               Conj/Fire      0%         5d1       100%        9
 Shatter                  Erth           0%         3d5*      100%        9
 Blink                    Tloc           Unusable   N/A       N/A         2
 Tukima's Dance           Hex            Unusable   N/A       N/A         3
 Animate Armour           Summ/Erth      Unusable   N/A       N/A         4
 Summon Lightning Spire   Summ/Air       Unusable   N/A       N/A         4
 Summon Forest            Summ/Tloc      Unusable   N/A       N/A         5
 Malign Gateway           Summ/Tloc      Unusable   N/A       N/A         7
 Summon Horrible Things   Summ           Unusable   N/A       N/A         8
 Dragon's Call            Summ           Unusable   N/A       N/A         9

Inventory:

Hand Weapons
 a - a +0 war axe of electrocution
 l - a +1 battleaxe
   (You took it off an orc knight on level 1 of the Orcish Mines)
 L - the +7 war axe of Bodily Harmony (weapon) {speed, Int+4 Dex+9 SInv Stlth-}
   (You bought it in a shop on level 2 of the Orcish Mines)

   Int:       It affects your intelligence (+4).
   Dex:       It affects your dexterity (+9).
   SInv:      It lets you see invisible.
   Stlth:     It makes you less stealthy.
 N - a +4 vampiric hand axe
   (Okawaru gifted it to you on level 2 of the Orcish Mines)
 R - a +2 vampiric broad axe
   (Okawaru gifted it to you on level 11 of the Dungeon)
Missiles
 E - 7 boomerangs
Armour
 c - a +0 buckler (worn)
 y - a +2 pair of boots (worn)
   (You found it on level 6 of the Dungeon)
 z - a +0 cloak
   (You found it on level 5 of the Dungeon)
 C - a +0 pair of gloves (worn)
   (You found it on level 4 of the Dungeon)
 O - a +2 plate armour of fire resistance
   (You took it off an orc warrior on level 2 of the Orcish Mines)
 P - the +5 plate armour of Zukhlior (worn) {Regen+ rCorr Dex-2}
   (You bought it in a shop on level 2 of the Orcish Mines)

   Dex:       It affects your dexterity (-2).
   Regen:     It increases your rate of health regeneration.
   rCorr:     It protects you from acid and corrosion.
 U - the +0 cloak of Edaecael (worn) {Contam rElec Will- Dex+7}
   (Okawaru gifted it to you on level 13 of the Dungeon)

   Dex:       It affects your dexterity (+7).
   rElec:     It insulates you from electricity.
   Contam:    It causes magical contamination when unequipped.
   Will:      It decreases your willpower.
Jewellery
 k - the ring of Uzoutiol {Fly rElec AC+4 Stlth+}
   (You found it on level 6 of the Dungeon)

   [ring of protection]

   AC:        It affects your AC (+4).
   rElec:     It insulates you from electricity.
   Fly:       It grants you flight.
   Stlth:     It makes you more stealthy.
 q - a ring of wizardry
   (You found it on level 4 of the Dungeon)
 u - an amulet of guardian spirit (around neck)
   (You took it off an orc on level 4 of the Dungeon)
 w - a ring of poison resistance (left hand)
   (You found it on level 5 of the Dungeon)
 A - a ring of positive energy
   (You found it on level 5 of the Dungeon)
 F - a +5 ring of evasion
   (You found it on level 8 of the Dungeon)
 G - a +4 ring of slaying (right hand)
   (You found it on level 8 of the Dungeon)
 H - a +6 ring of strength
   (You found it on level 8 of the Dungeon)
 K - a ring of wizardry
   (You found it on level 9 of the Dungeon)
 S - a ring of fire
   (You found it on level 12 of the Dungeon)
Wands
 n - a wand of flame (45)
   (You took it off Jessica on level 3 of the Dungeon)
 r - a wand of digging (6)
   (You took it off Sigmund on level 3 of the Dungeon)
 t - a wand of roots (11)
   (You took it off Ijyb on level 3 of the Dungeon)
 v - a wand of light (1) (quivered)
   (You took it off an orc wizard on level 10 of the Dungeon)
 x - a wand of charming (23)
   (You found it on level 5 of the Dungeon)
 I - a wand of polymorph (4)
   (You took it off Pikel on level 9 of the Dungeon)
Scrolls
 j - 2 scrolls of fear
 o - a scroll of fog
 p - 3 scrolls of enchant armour
 s - 3 scrolls of poison
 B - a scroll of amnesia
 Q - a scroll of brand weapon
 T - a scroll of magic mapping
 V - a scroll of identify
Potions
 b - a potion of mutation
 d - 2 potions of might
 e - 2 potions of resistance
 f - 5 potions of brilliance
 g - 10 potions of curing
 h - a potion of ambrosia
 i - 3 potions of flight
 m - 5 potions of lignification
 D - 2 potions of attraction
 J - a potion of magic
 M - a potion of cancellation

Dungeon Overview and Level Annotations

Branches:
Dungeon (14/15) Zot: 26868  Temple (1/1) D:5 Zot: 5773    Lair (0/5) D:11
    Orc (2/2) D:9 Zot: 8025     Elf (0/3) Orc:2        Bailey (visited)
 Vaults: D:13-14

Altars:
Ashenzari
Cheibriados
Dithmenos
Elyvilon
Fedhas
Gozag
Hepliaklqana
Kikubaaqudgha
Makhleb
Nemelex Xobeh
Okawaru
Qazlal
Ru
Sif Muna
Trog
Uskayaw
Vehumet
Wu Jian
Xom
Yredelemnul
Zin
The Shining One

Shops:
D:1 !   D:9 [   D:13 :   Orc:1 *   Orc:2 [[=(

Annotations:
D:3 1 runed translucent door, Crazy Yiuf
D:10 3 runed translucent doors, monoptic's ghost, journeyman MiFi

#.......#...#...#......
#....#..##..##..##.....
#...).##..##..##..##...
#......#...#...#...#...
##..################...
###.#....#.# {{#...
##..##.....# {#...
#.####C...# #...
##.)##@...# #...
#.......=.# #...
#.....(!$..C.. #...
#.)...$⌠$..... #...
#.....)!=..... #...
#####......... #...
.....####. #... #$...#
#... { .....# #...


You could see 2 ettins.


Message History

Unknown command.
You slash the orc knight! You block the orc knight's attack.
You slash the orc knight!
You kill the orc knight!
Okawaru accepts your kill.
Your Invocations skill increases to level 1!
No target in view! 😕 HP[+1] Unknown command.
No target in view!
Things that are here:
a +0 war axe; a +0 chain mail; an orc corpse 😕 HP[+1]
You sense a monster nearby. 😎 HP[+3] MP[+2]
Your hp is fully restored (93).
Your mp is fully restored (14).
A yaktaur captain comes into view.
The yaktaur captain wields a +0 arbalest.
The yaktaur captain shoots a bolt.
You block the bolt.
A yaktaur captain is nearby!
The yaktaur captain shoots a bolt.
You block the bolt.
A phantasmal warrior comes into view.
The phantasmal warrior gestures at you.
The phantasmal warrior blinks!
You hit the yaktaur captain. You hit the phantasmal warrior.
You hit the yaktaur captain. You slash the phantasmal warrior!
The phantasmal warrior hits you but does no damage.
The yaktaur captain unwields a +0 arbalest.
The yaktaur captain hits you!! 😕 HP[-15] MP[-3]
You take 15 damage, and now have 78/93 hp.
You lost 3 mp, and now have 11/14 mp.
You slash the phantasmal warrior! You slash the yaktaur captain!
Unknown command.
You closely miss the phantasmal warrior.
You slash the yaktaur captain! The phantasmal warrior hits you!
The yaktaur captain barely misses you. 😕 HP[-7] MP[-1]
You take 7 damage, and now have 71/93 hp.
You lost 1 mp, and now have 10/14 mp.
You barely miss the yaktaur captain. You slash the phantasmal warrior!
You hit the phantasmal warrior but do no damage.
You hit the yaktaur captain.
The phantasmal warrior hits you but does no damage.
You block the yaktaur captain's attack.
You slash the yaktaur captain!
You barely miss the phantasmal warrior. 😕 HP[+1] Unknown command.
You hit the yaktaur captain. You hit the phantasmal warrior.
You block the phantasmal warrior's attack. 😕 HP[+1]
You hit the phantasmal warrior. You hit the yaktaur captain.
The yaktaur captain hits you but does no damage. 😕 HP[+1]
You slash the yaktaur captain! You hit the phantasmal warrior.
The phantasmal warrior closely misses you.
You slash the yaktaur captain!
You kill the yaktaur captain!
Okawaru accepts your kill.
You completely miss the phantasmal warrior.
Your Invocations skill increases to level 2! 😕 HP[+1]
You now have 94 max hp (+1).
Unknown command.
The phantasmal warrior hits you!
Things that are here:
a +0 arbalest; a yaktaur corpse; 😮 HP[-9] MP[-1]
You take 9 damage, and now have 66/94 hp.
You lost 1 mp, and now have 9/15 mp.
You are too injured to fight recklessly!
You are too injured to fight recklessly!
You are too injured to fight recklessly!
Unknown command.
You slash the phantasmal warrior!
You destroy the phantasmal warrior!
Okawaru accepts your kill.
Your Fighting skill increases to level 4! 😮 HP[+1]
You now have 95 max hp (+1).
You are too injured to fight recklessly! 😮 HP[+1] MP[+1] 😮 HP[+1]
An ettin comes into view.
It is wielding a +0 dire flail and a +0 great mace. 😮 HP[+1]
An ettin comes into view. It is wielding two +0 dire flails.
The ettin shouts in stereo! 😮 HP[+1]
The ettin hits you with a +0 dire flail!
The ettin hits you with a +0 great mace!!
* * * LOW HITPOINT WARNING * * *
You are too injured to fight recklessly! 😨 HP[-30] MP[-5]
You take 30 damage, and now have 41/95 hp.
MASSIVE DAMAGE!! (PAUSE)
You lost 5 mp, and now have 5/15 mp.
The ettin attacks as you move away!
The ettin hits you with a +0 dire flail!!
* * * LOW HITPOINT WARNING * * *
The ettin hits you with a +0 great mace!!
You die...

Skill      XL: |  1  2  3  4  5  6  7  8  9 10 11 12 13 14 |
---------------+-------------------------------------------+-----
Axes           | 3 4 6 7 8 10 13 15 16 | 16.0
Armour         | 8 12 15 | 15.0
Shields        | 7 10 13 15 | 15.0
Invocations    | 2 |  2.4
Fighting       | 4 |  4.1

Action                     |  1- 3 |  4- 6 |  7- 9 | 10-12 | 13-15 || total
---------------------------+-------+-------+-------+-------+-------++-------
  Melee: War axe           |    70 |    73 |   181 |   564 |   504 ||  1392
         Morningstar       |       |       |       |    65 |       ||    65
 Invoke: Heroism           |       |       |       |     5 |     4 ||     9
  Evoke: Wand              |       |       |       |     9 |       ||     9
    Use: Scroll            |     7 |     1 |    11 |     5 |     1 ||    25
         Potion            |       |       |       |     5 |       ||     5
 Armour: Scale mail        |    33 |    24 |    95 |    55 |       ||   207
         Plate armour      |       |       |       |   310 |   187 ||   497
  Dodge: Dodged            |    36 |    29 |    85 |   206 |   102 ||   458
  Block: Buckler           |    12 |    19 |    51 |   163 |   129 ||   374

Levels and vault maps discovered:
D:1:      dpeg_arrival_round_c, layout_basic, serial_shops, nicolae_shop_stone,
          minmay_tetromino_i2
D:2:      layout_basic, chequers_ecumenical_altar_grove
D:3:      layout_rooms, chequers_serial_rivers_micro_b, item_on_display_a,
          uniq_ijyb, uniq_sigmund, uniq_jessica, uniq_natasha,
          uniq_crazy_yiuf_cottage
D:4:      layout_cave_pools, serial_bayou, serial_bayou_shore_b,
          serial_bayou_pond_a, serial_bayou_shore_b, serial_bayou_pond_a
D:5:      layout_basic, kennysheep_ying_yang, minmay_temple_entry_sparse_star,
          uniq_eustachio, uniq_menkaure
D:6:      layout_layer_cave, zin_treasury, gammafunk_temple_overflow_forgotten
D:7:      layout_loops_ring, uniq_prince_ribbit1
D:8:      layout_basic
D:9:      layout_roguey, david_orc_4, serial_shops, nicolae_diamond_shop,
          chequers_serial_rivers_marsh, uniq_pikel
D:10:     layout_loops_ring, ebering_ghost_gozag, enter_bailey_3
D:11:     layout_rooms, dpeg_oklobed_lair, serial_bayou_pond_c,
          lemuel_nasty_fountain, uniq_urug
D:12:     layout_roguey [special_room_orc]
D:13:     layout_cave_pools, serial_shops, nicolae_take_the_stairs
D:14:     minmay_textured_paths, layout_irregular_city,
          hangedman_abyss_or_decor_stabs, kiku_gazebo_pond_becter
Temple:   nicolae_temple_slightly_damp_pantheon
Orc:1:    layout_caves, nicolae_shop_clearance, uniq_josephine
Orc:2:    st_orc_pillars, layout_diamond_mine

Notes
Turn   | Place    | Note
-------+----------+-------------------------------------------
     0 | D:1      | ytrimaz the Formicid Fighter began the quest for the Orb.
     0 | D:1      | Reached XP level 1. HP: 18/18 MP: 1/1
     0 | D:1      | magus.rc [v1.9.6]
    94 | D:1      | Reached XP level 2. HP: 24/24 MP: 2/2
   135 | D:1      | You pick up a book of Spatial Translocations and begin
                  | reading...
   135 | D:1      | You add the spells Momentum Strike and Lesser Beckoning to
                  | your library.
   204 | D:1      | Reached skill level 3 in Axes
   309 | D:1      | You add the spells Malign Gateway and Summon Horrible
                  | Things to your library.
   339 | D:1      | Reached XP level 3. HP: 29/29 MP: 3/3
   350 | D:1      | Found Asiafumn's Distillery.
  1453 | D:2      | Reached skill level 4 in Axes
  1453 | D:2      | Reached XP level 4. HP: 35/35 MP: 4/4
  1499 | D:2      | Identified the +9 dagger "Fuokon" {freeze, rF+ Str-5 Int+2}
  1540 | D:2      | Identified a scroll of acquirement
  1540 | D:2      | Acquired 606 gold pieces
  1607 | D:1      | Bought a potion of heal wounds for 65 gold pieces
  1607 | D:1      | Bought a potion of curing for 39 gold pieces
  1607 | D:1      | Bought 2 potions of lignification for 78 gold pieces
  1607 | D:1      | Bought a potion of might for 52 gold pieces
  1702 | D:2      | Found a faded altar of an unknown god.
  1808 | D:3      | Found a runed translucent door.
  1809 | D:3      | Noticed Crazy Yiuf
  1908 | D:3      | HP: 7/35 [orc/+0 hand axe (6)]
  1910 | D:3      | Reached XP level 5. HP: 9/41 MP: 5/5
  2071 | D:3      | Noticed Jessica
  2076 | D:3      | Killed Jessica
  2077 | D:3      | Reached skill level 5 in Axes
  2298 | D:3      | You pick up a book of Armaments and begin reading...
  2298 | D:3      | You add the spells Stone Arrow, Animate Armour and
                  | Lehudib's Crystal Spear to your library.
  2329 | D:3      | Noticed Sigmund
  2344 | D:3      | Killed Sigmund
  2345 | D:3      | Reached skill level 6 in Axes
  2345 | D:3      | Reached XP level 6. HP: 25/47 MP: 6/6
  2556 | D:3      | Noticed Natasha
  2561 | D:3      | Killed Natasha
  2591 | D:3      | Noticed Ijyb
  2597 | D:3      | Killed Ijyb
  2598 | D:3      | Reached skill level 7 in Axes
  2598 | D:3      | Reached XP level 7. HP: 45/52 MP: 7/7
  2863 | D:3      | Noticed Natasha
  2869 | D:3      | Killed Natasha
  3223 | D:4      | You add the spells Poisonous Vapours, Summon Lightning
                  | Spire, Summon Forest and Dragon's Call to your library.
  3223 | D:4      | Got the Encyclopedia of Nocuous Bringing Forth
  3447 | D:4      | You pick up a book of Spectacle and begin reading...
  3447 | D:4      | You add the spells Dazzling Flash, Iskenderun's Mystic
                  | Blast and Starburst to your library.
  3946 | D:5      | Entered Level 5 of the Dungeon
  4042 | D:5      | Reached skill level 8 in Axes
  4173 | D:5      | Noticed Menkaure
  4181 | D:5      | Killed Menkaure
  4182 | D:5      | Reached XP level 8. HP: 58/58 MP: 8/8
  4194 | D:5      | You pick up a book of the Earth and begin reading...
  4194 | D:5      | You add the spells Leda's Liquefaction, Lee's Rapid
                  | Deconstruction and Statue Form to your library.
  4290 | D:5      | Found a white marble altar of Elyvilon.
  4338 | D:5      | Noticed Eustachio
  4356 | D:5      | Killed Eustachio
  4357 | D:5      | Reached skill level 9 in Axes
  4412 | D:5      | Found a staircase to the Ecumenical Temple.
  4440 | Temple   | Entered the Ecumenical Temple
  4645 | Temple   | Became a worshipper of Warmaster Okawaru
  5151 | D:5      | Found a basalt altar of Yredelemnul.
  5248 | D:5      | Identified the +1 robe of the Feeding Gods {Will++ Str+6
                  | Int+2}
  5349 | D:6      | Identified the +2 mace of Inference {speed, rF+}
  5453 | D:6      | Reached * piety under Okawaru
  5454 | D:6      | Reached skill level 10 in Axes
  5592 | D:6      | Reached XP level 9. HP: 52/64 MP: 6/9
  5651 | D:6      | You pick up a book of Vapours and begin reading...
  5651 | D:6      | You add the spells Cigotuvi's Dreadful Rot and Mephitic
                  | Cloud to your library.
  5665 | D:6      | Reached skill level 11 in Axes
  5711 | D:6      | Identified the ring of Uzoutiol {Fly rElec AC+4 Stlth+}
  5873 | D:6      | Reached ** piety under Okawaru
  5964 | D:6      | Found a glowing silver altar of Zin.
  6072 | D:6      | You add the spells Sting and Olgreb's Toxic Radiance to
                  | your library.
  6213 | D:6      | Reached skill level 12 in Axes
  6300 | D:6      | Found a snail-covered altar of Cheibriados.
  6301 | D:6      | Found a hazy altar of Hepliaklqana.
  6445 | D:6      | Found a radiant altar of Vehumet.
  6677 | D:7      | Reached skill level 13 in Axes
  6677 | D:7      | Reached XP level 10. HP: 39/70 MP: 5/10
  6843 | D:7      | Reached *** piety under Okawaru
  7096 | D:7      | Noticed Prince Ribbit
  7100 | D:7      | Killed Prince Ribbit
  7101 | D:7      | Reached skill level 14 in Axes
  7893 | D:8      | Reached **** piety under Okawaru
  7897 | D:8      | HP: 13/70 [yak (11)]
  8167 | D:8      | Reached skill level 15 in Axes
  8172 | D:8      | Reached ***** piety under Okawaru
  8177 | D:8      | Reached XP level 11. HP: 45/75 MP: 5/11
  8641 | D:9      | Noticed Pikel
  8656 | D:9      | Killed Pikel
  8722 | D:9      | You pick up a book of Annihilations and begin reading...
  8722 | D:9      | You add the spells Chain Lightning, Fire Storm and Shatter
                  | to your library.
  8797 | D:9      | Found Nudos's Armour Emporium.
  9128 | D:9      | Reached skill level 16 in Axes
  9135 | D:9      | Reached skill level 4 in Armour
  9203 | D:9      | You pick up a book of Weapons and begin reading...
  9203 | D:9      | You add the spells Portal Projectile and Blade Hands to
                  | your library.
  9219 | D:9      | You pick up a book of Flames and begin reading...
  9219 | D:9      | You add the spells Inner Flame, Sticky Flame and Flame Wave
                  | to your library.
  9300 | D:9      | Reached skill level 5 in Armour
  9420 | D:9      | Found a staircase to the Orcish Mines.
  9630 | D:10     | Entered Level 10 of the Dungeon
  9658 | D:10     | Reached skill level 5 in Shields
  9780 | D:10     | Found a flagged portal.
  9784 | D:10     | Reached skill level 6 in Armour
  9805 | D:10     | HP: 18/75 [yak (7)]
  9809 | D:10     | Reached skill level 6 in Shields
  9820 | D:10     | Reached skill level 7 in Armour
  9855 | Bailey   | Entered a bailey
 10016 | Bailey   | Reached ****** piety under Okawaru
 10227 | Bailey   | You pick up a book of the Dragon and begin reading...
 10227 | Bailey   | You add the spells Cause Fear and Dragon Form to your
                  | library.
 10289 | Bailey   | Identified the +2 robe "Guodoyfa" {+Inv rF+ Str-2 Stlth+}
 10448 | D:10     | Found a runed translucent gate.
 10448 | D:10     | Found a runed translucent gate.
 10450 | D:10     | Found a runed translucent gate.
 10451 | D:10     | Found an opulent altar of Gozag.
 10452 | D:10     | Noticed monoptic's ghost (journeyman MiFi)
 10508 | D:10     | Noticed a death drake
 10509 | D:10     | Noticed a tengu warrior
 10684 | D:10     | Reached skill level 8 in Armour
 10684 | D:10     | Reached skill level 7 in Shields
 10684 | D:10     | Received a gift from Okawaru
 10743 | D:10     | Reached XP level 12. HP: 70/81 MP: 10/12
 11101 | D:11     | Noticed a two-headed ogre
 11117 | D:10     | Killed a two-headed ogre
 11117 | D:10     | Identified the +4 robe of the Leaf {Archmagi} (Okawaru
                  | gifted it to you on level 10 of the Dungeon)
 11117 | D:10     | Received a gift from Okawaru
 11121 | D:10     | Reached skill level 9 in Armour
 11292 | D:11     | Noticed a soul eater
 11312 | D:11     | Noticed a two-headed ogre
 11324 | D:11     | Killed a two-headed ogre
 11325 | D:11     | Reached skill level 8 in Shields
 11340 | D:11     | Noticed a two-headed ogre
 11552 | Orc:1    | Entered Level 1 of the Orcish Mines
 11622 | Orc:1    | Reached skill level 10 in Armour
 11701 | Orc:1    | Noticed Josephine
 11717 | Orc:1    | Reached skill level 9 in Shields
 11718 | Orc:1    | HP: 8/78 [Josephine/ghostly fireball (16)]
 11724 | Orc:1    | HP: 2/73 [Josephine/ghostly fireball (15)]
 11725 | Orc:1    | Killed Josephine
 12076 | Orc:1    | Found Hastus's CLEARANCE SALE!.
 12084 | Orc:1    | Bought the +3 morningstar of Maytit {spect, +Blink rF+ rC+}
                  | for 265 gold pieces
 12120 | Orc:1    | Reached skill level 11 in Armour
 12447 | Orc:2    | Entered Level 2 of the Orcish Mines
 12447 | Orc:2    | Noticed an orc high priest
 12633 | Orc:2    | Killed an orc high priest
 12744 | Orc:2    | Found a staircase to the Elven Halls.
 12826 | Orc:2    | Reached skill level 10 in Shields
 12834 | Orc:2    | HP: 9/81 [orc priest/divine providence (13)]
 13471 | Orc:2    | Reached skill level 12 in Armour
 13565 | Orc:2    | Reached XP level 13. HP: 62/86 MP: 8/13
 14112 | Orc:2    | Reached skill level 11 in Shields
 14498 | Orc:2    | Reached skill level 13 in Armour
 14705 | Orc:2    | Received a gift from Okawaru
 15505 | Orc:2    | Found Xajeott's Antique Weapon Emporium.
 15508 | Orc:2    | Found Joisaept's Armour Emporium.
 15509 | Orc:2    | Found Douhupp's Jewellery Emporium.
 15510 | Orc:2    | Found Ring's Antique Armour Shoppe.
 15518 | Orc:2    | Bought a scorched war axe for 246 gold pieces
 15518 | Orc:2    | Identified the +7 war axe of Bodily Harmony {speed, Int+4
                  | Dex+9 SInv Stlth-} (You bought it in a shop on level 2 of
                  | the Orcish Mines)
 15518 | Orc:2    | Bought a brightly glowing hand axe for 232 gold pieces
 15518 | Orc:2    | Identified the +0 hand axe of Xifrieh {holy, Str+3} (You
                  | bought it in a shop on level 2 of the Orcish Mines)
 15522 | Orc:2    | Bought a scorched plate armour for 560 gold pieces
 15522 | Orc:2    | Identified the +5 plate armour of Zukhlior {Regen+ rCorr
                  | Dex-2} (You bought it in a shop on level 2 of the Orcish
                  | Mines)
 15890 | D:11     | Reached skill level 14 in Armour
 15890 | D:11     | Reached skill level 12 in Shields
 15927 | D:11     | Found a staircase to the Lair.
 15938 | D:11     | Noticed Urug
 15961 | D:11     | Killed Urug
 16355 | D:11     | Received a gift from Okawaru
 16621 | D:12     | Reached skill level 15 in Armour
 16650 | D:12     | Identified the +3 leather armour "Ezxolliu" {Str+2 Dex+7}
 16683 | D:12     | Noticed a centaur warrior
 16692 | D:12     | Killed a centaur warrior
 16990 | D:12     | Reached skill level 13 in Shields
 17137 | D:12     | Reached XP level 14. HP: 63/93 MP: 6/14
 17163 | D:12     | magus.rc [v1.9.6]
 17250 | D:13     | Reached skill level 14 in Shields
 17349 | D:13     | Identified the +0 cloak of Edaecael {Contam rElec Will-
                  | Dex+7} (Okawaru gifted it to you on level 13 of the
                  | Dungeon)
 17349 | D:13     | Received a gift from Okawaru
 17592 | D:13     | Found Adweokk's Book Shop.
 17830 | D:14     | Reached skill level 15 in Shields
 17868 | D:14     | Reached skill level 1 in Invocations
 17898 | D:14     | Reached skill level 2 in Invocations
 17900 | D:14     | Reached skill level 4 in Fighting
 17905 | D:14     | HP: 22/95 [ettin/+0 dire flail (19)]
 17905 | D:14     | Mangled by an ettin

Vanquished Creatures
  A yaktaur captain (D:14)
  Josephine (Orc:1)
  A catoblepas (D:13)
  A centaur warrior (D:12)
  5 two-headed ogres
  Urug (D:11)
  6 orc high priests
  3 skeletal warriors
  A phantasmal warrior (D:14)
  Pikel (D:9)
  8 orc knights
  A deep elf pyromancer (D:11)
  2 ugly things
  An oklob plant (D:11)
  An orc sorcerer (Orc:1)
  3 manticores
  3 gargoyles
  3 kobold demonologists
  6 trolls
  Prince Ribbit (D:7)
  A hornet (D:10)
  Sigmund (D:3)
  A shadow (D:12)
  33 yaks
  2 vampires
  A wyvern (D:10)
  6 wraiths
  Eustachio (D:5)
  A steam dragon (D:7)
  Menkaure (D:5)
  4 vampire mosquitoes (D:10)
  2 wargs (Orc:1)
  An acid dragon (D:10)
  2 water moccasins
  2 black bears (D:6)
  A sky beast (D:6)
  2 ice beasts
  44 orc warriors
  7 ogres
  6 centaurs
  A lemure (D:9)
  A phantom (D:6)
  A kobold brigand (D:11)
  2 bullfrogs (D:7)
  3 scorpions
  3 killer bees (D:10)
  7 vampire bats (Bailey)
  5 howler monkeys
  5 wolf zombies (Bailey)
  A gnoll bouda (D:10)
  2 jellies (D:6)
  3 hounds
  36 orc priests
  Ijyb (D:3)
  2 sleepcaps
  Jessica (D:3)
  3 iguanas
  Natasha (twice) (D:3)
  17 orc wizards
  3 gnolls (D:10)
  6 adders
  A worm (D:4)
  7 dart slugs
  110 orcs
  7 ball pythons
  5 endoplasms
  8 goblins
  4 hobgoblins
  2 jackals (D:1)
  14 kobolds
  7 quokkas
  4 frilled lizards
  17 orc zombies (Bailey)
  4 rats
464 creatures vanquished.

Vanquished Creatures (others)
  An orc (D:10)
  12 plants
13 creatures vanquished.

Grand Total: 477 creatures vanquished

Table legend:
 A = Non-vault XP
 B = Vault XP
 C = Vault XP percentage of total XP
 D = Non-vault monster count
 E = Vault monster count
 F = Vault count percentage of total count
                 A         B        C        D         E       F
            +---------+---------+-------+---------+---------+-------
      Total |   34396 |   20811 |  37.7 |     300 |     163 |  35.2
            +---------+---------+-------+---------+---------+-------
        D:1 |      26 |       5 |  16.1 |      15 |       2 |  11.8
        D:2 |      42 |       0 |   0.0 |      11 |       0 |   0.0
        D:3 |     162 |     336 |  67.5 |      27 |       4 |  12.9
        D:4 |     193 |       0 |   0.0 |      21 |       0 |   0.0
        D:5 |     284 |     360 |  55.9 |      10 |       2 |  16.7
        D:6 |    1698 |       0 |   0.0 |      26 |       0 |   0.0
        D:7 |    2185 |     283 |  11.5 |      24 |       1 |   4.0
        D:8 |    2324 |       0 |   0.0 |      17 |       0 |   0.0
        D:9 |     821 |    1215 |  59.7 |      16 |      19 |  54.3
       D:10 |    5552 |       7 |   0.1 |      36 |       4 |  10.0
       D:11 |    4412 |    1395 |  24.0 |      18 |       2 |  10.0
       D:12 |    5664 |    1275 |  18.4 |      16 |      24 |  60.0
       D:13 |    5608 |       0 |   0.0 |       9 |       0 |   0.0
       D:14 |     451 |    2191 |  82.9 |       1 |       3 |  75.0
      Orc:1 |    3613 |    3813 |  51.3 |      46 |      16 |  25.8
      Orc:2 |    1361 |    8543 |  86.3 |       7 |      55 |  88.7
     Bailey |       0 |    1388 | 100.0 |       0 |      31 | 100.0
            +---------+---------+-------+---------+---------+-------

Illustrated notes

Table legend:
 A = Kills in this place as a percentage of kills in the entire game.
 B = Kills by you in this place as a percentage of kills by you in the entire game.
 C = Kills by friends in this place as a percentage of kills by friends in the entire game.
 D = Other kills in this place as a percentage of other kills in the entire game.
 E = Experience gained in this place as a percentage of experience gained in the entire game.
 F = Experience gained in this place divided by the number of levels of this place that you have seen.
                   A       B       C       D       E      F
               +-------+-------+-------+-------+-------+----------------------
         Total | 100.0 | 100.0 |   N/A |   N/A | 100.0 | 3067.1
       Dungeon |  66.5 |  66.5 |   N/A |   N/A |  66.1 | 2606.4
  Orcish Mines |  26.8 |  26.8 |   N/A |   N/A |  31.4 | 8665.0
        Bailey |   6.7 |   6.7 |   N/A |   N/A |   2.5 | 1388.0
               +-------+-------+-------+-------+-------+----------------------

Table legend: (Time is in decaauts)
 A = Elapsed time spent in this place.
 B = Non-inter-level travel time spent in this place.
 C = Inter-level travel time spent in this place.
 D = Time resting spent in this place.
 E = Time spent auto-exploring this place.
 F = Levels seen in this place.
 G = Mean time per level.
                   A        B        C        D        E       F      G
               +--------+--------+--------+--------+--------+-----+--------+
         Total |  17639 |  16562 |   1077 |   1902 |  11382 |  18 |  979.9 |
       Dungeon |  12955 |  12004 |    951 |    511 |   9394 |  14 |  925.4 |
        Temple |    226 |    173 |     53 |      0 |    155 |   1 |  226.0 |
  Orcish Mines |   3974 |   3901 |     73 |   1239 |   1694 |   2 | 1987.0 |
        Bailey |    482 |    482 |      0 |    152 |    139 |   1 |  482.0 |
               +--------+--------+--------+--------+--------+-----+--------+

Top non-repeatable levels by time:
   Orc:1: 2081 daAuts
   Orc:2: 1892 daAuts
     D:3: 1476 daAuts
     D:6: 1342 daAuts
     D:5: 1257 daAuts
    D:10: 1250 daAuts
     D:9: 1155 daAuts
     D:2: 968 daAuts
     D:8: 925 daAuts
     D:7: 847 daAuts
     D:1: 803 daAuts
     D:4: 793 daAuts
    D:11: 763 daAuts
    D:12: 716 daAuts
    D:13: 523 daAuts
